 Dungeon Crawl Stone Soup version 0.24.0-1-gfbc8707 (webtiles) character file.

Game seed: 3535679369480955478, levelgen mode: deterministic

313168 TheDoctor the Devastator (level 21, -9/151 HPs)
             Began as an Octopode Fire Elementalist on Nov 2, 2019.
             Was the Champion of Vehumet.
             Mangled by a hell knight
             ... wielding a +2 war axe of distortion
              (27 damage)
             ... on level 15 of the Dungeon on Nov 3, 2019.
             The game lasted 03:40:12 (71121 turns).

TheDoctor the Devastator (OpFE)                    Turns: 71121, Time: 03:40:13

Health: -9/151     AC:  6    Str:  9    XL:     21   Next: 32%
Magic:  45/55      EV: 23    Int: 40    God:    Vehumet [******]
Gold:   2160       SH: 10    Dex: 17    Spells: 5/51 levels left

rFire    . . .     SeeInvis +   D - staff of power
rCold    + . .     Gourm    .   p - +1 buckler {AC+3}
rNeg     + . .     Faith    .   (helmet restricted)
rPois    +         Spirit   .   s - amulet of magic regeneration
rElec    +         Reflect  .   a - ring of stealth
rCorr    +         Harm     .   r - ring of Dishonesty {rN+ Int+3 Slay+2}
MR       ++...                  c - ring of Peuzevodi {rC+ SInv}
Stlth    +++++.....             V - +6 ring of intelligence
HPRegen  0.35/turn              M - ring of resist corrosion
MPRegen  0.59/turn              Q - ring of wizardry
                                o - ring "Zatorphae" {rPois MR+}
                                E - +5 ring of dexterity

@: brilliant
A: almost no armour, stealthy swim, amphibious, 8 rings, constrict 8, iridescent
scales 1, large bone plates 1, camouflage 1, blurry vision 1, electricity
resistance, gelatinous body 1
}: 2/15 runes: serpentine, barnacled
a: Renounce Religion


You were on level 15 of the Dungeon.
You worshipped Vehumet.
Vehumet was exalted by your worship.
You were not hungry.

You visited 8 branches of the dungeon, and saw 36 of its levels.
You visited the Abyss 1 time.
You visited 1 bazaar.
You also visited: Ice Cave.

You collected 3805 gold pieces.
You spent 1645 gold pieces at shops.

Inventory:

Armour
 p - a +1 buckler of protection (worn)
Magical Staves
 j - an uncursed staff of cold
 u - an uncursed staff of energy
 D - an uncursed staff of power (weapon)
 W - an uncursed staff of fire
Jewellery
 a - a ring of stealth (left tentacle)
 c - the ring of Peuzevodi (on tentacle) {rC+ SInv}
   (You found it on level 3 of the Elven Halls)

   [ring of see invisible]

   It protects you from cold.
   It lets you see invisible.
 o - the ring "Zatorphae" (on tentacle) {rPois MR+}
   (You took it off a deep elf elementalist on level 3 of the Elven Halls)

   [ring of protection from magic]

   It protects you from poison.
   It affects your resistance to hostile enchantments.
 r - the ring of Dishonesty (right tentacle) {rN+ Int+3 Slay+2}
   (You bought it in a shop on level 2 of the Shoals)

   [ring of positive energy]

   It affects your intelligence (+3).
   It affects your accuracy and damage with ranged weapons and melee attacks
   (+2).
   It protects you from negative energy.
 s - an amulet of magic regeneration (around mantle)
 x - an uncursed ring of protection from magic
 E - a +5 ring of dexterity (on tentacle)
 M - a ring of resist corrosion (on tentacle)
 Q - a ring of wizardry (on tentacle)
 R - an uncursed ring of fire
 V - a +6 ring of intelligence (on tentacle)
Wands
 d - a wand of clouds (13)
 J - a wand of digging (20)
 K - a wand of acid (25)
 Y - a wand of iceblast (8)
Scrolls
 e - 19 scrolls of remove curse
 g - 7 scrolls of magic mapping
 q - 11 scrolls of blinking
 w - 3 scrolls of fog
 y - 11 scrolls of teleportation
 A - 2 scrolls of summoning
 F - 4 scrolls of immolation
 I - 2 scrolls of silence
 N - a scroll of fear
 O - a scroll of holy word {unknown}
 T - 5 scrolls of identify
Potions
 f - 5 potions of agility
 i - 7 potions of haste
 k - 13 potions of curing
 l - 7 potions of brilliance
 n - 9 potions of resistance
 v - 3 potions of lignification
 L - 2 potions of cancellation
Comestibles
 b - 55 rations


   Skills:
 - Level 15.0 Fighting
 - Level 13.7 Dodging
 - Level 5.1 Stealth
 - Level 4.1 Shields
 * Level 15.5 Spellcasting
 - Level 16.1 Conjurations
 - Level 15.0 Fire Magic
 - Level 14.0 Ice Magic
 + Level 2.5 Air Magic
 - Level 6.1 Poison Magic


You had 5 spell levels left.
You knew the following spells:

 Your Spells              Type           Power        Failure   Level  Hunger
a - Glaciate              Conj/Ice       ########..   22%         9    ######.
b - Sticky Flame          Conj/Fire      ########     0%          4    None
c - Stone Arrow           Conj/Erth      ######       1%          3    None
f - Fireball              Conj/Fire      ########..   1%          5    None
g - Olgreb's Toxic Radia  Pois           #######.     1%          4    None
h - Freezing Cloud        Conj/Ice/Air   #######...   1%          6    None
i - Apportation           Tloc           ######       1%          1    None
j - Bolt of Cold          Conj/Ice       ########..   1%          6    None
k - Ignition              Fire           ########..   1%          8    #####..

Your spell library contained the following spells:

 Spells                   Type           Power        Failure   Level  Hunger
 Fire Storm               Conj/Fire      ########..   17%         9    ######.
 Lehudib's Crystal Spear  Conj/Erth      #######...   24%         8    #####..
 Flame Tongue             Conj/Fire      #####        0%          1    None
 Freeze                   Ice            ####         0%          1    None
 Magic Dart               Conj           ####         0%          1    None
 Shock                    Conj/Air       ####         0%          1    None
 Throw Flame              Conj/Fire      ######       0%          2    None
 Throw Frost              Conj/Ice       ######       0%          2    None
 Conjure Flame            Conj/Fire      ########     0%          3    None
 Throw Icicle             Conj/Ice       ########     0%          4    None
 Animate Skeleton         Necr           N/A          1%          1    None
 Beastly Appendage        Tmut           ######       1%          1    None
 Confusing Touch          Hex            ######       1%          1    None
 Corona                   Hex            ######.      1%          1    None
 Infusion                 Chrm           ####         1%          1    None
 Pain                     Necr           ####         1%          1    None
 Sandblast                Erth           ######       1%          1    None
 Summon Butterflies       Summ           ######..     1%          1    None
 Summon Small Mammal      Summ           ####         1%          1    None
 Blink                    Tloc           N/A          1%          2    None
 Call Imp                 Summ           ######..     1%          2    None
 Corpse Rot               Necr           N/A          1%          2    None
 Ensorcelled Hibernation  Hex/Ice        ######       1%          2    None
 Passwall                 Tmut/Erth      ######..     1%          2    None
 Shroud of Golubria       Chrm/Tloc      ######       1%          2    None
 Slow                     Hex            ######..     1%          2    None
 Song of Slaying          Chrm           ######..     1%          2    None
 Sticks to Snakes         Tmut           ######..     1%          2    None
 Swiftness                Chrm/Air       ######..     1%          2    None
 Call Canine Familiar     Summ           ######..     1%          3    None
 Confuse                  Hex            ######..     1%          3    None
 Dazzling Spray           Conj/Hex       ######       1%          3    None
 Gell's Gravitas          Tloc           ######....   1%          3    None
 Ignite Poison            Fire/Tmut/Pois #######.     1%          3    None
 Inner Flame              Hex/Fire       #######.     1%          3    None
 Lesser Beckoning         Tloc           ######....   1%          3    None
 Mephitic Cloud           Conj/Pois/Air  #######.     1%          3    None
 Ozocubu's Armour         Chrm/Ice       #######.     1%          3    None
 Portal Projectile        Hex/Tloc       ######       1%          3    None
 Regeneration             Chrm/Necr      ######....   1%          3    None
 Spectral Weapon          Hex/Chrm       ######..     1%          3    None
 Spider Form              Tmut/Pois      ######....   1%          3    None
 Static Discharge         Conj/Air       #######.     1%          3    None
 Tukima's Dance           Hex            ######..     1%          3    None
 Vampiric Draining        Necr           ######....   1%          3    None
 Airstrike                Air            ######....   1%          4    None
 Animate Dead             Necr           N/A          1%          4    None
 Cause Fear               Hex            ######....   1%          4    None
 Ice Form                 Ice/Tmut       #######.     1%          4    None
 Leda's Liquefaction      Hex/Erth       ######....   1%          4    None
 Petrify                  Tmut/Erth      ######..     1%          4    None
 Summon Ice Beast         Ice/Summ       #######.     1%          4    None
 Alistair's Intoxication  Tmut/Pois      ######..     1%          5    None
 Lightning Bolt           Conj/Air       #######...   1%          5    None
 Metabolic Englaciation   Hex/Ice        #######...   1%          5    None
 Silence                  Hex/Air        ######....   2%          5    None
 Agony                    Necr           ######..     3%          5    None
 Blade Hands              Tmut           ######....   3%          5    None
 Borgnjor's Vile Clutch   Necr/Erth      ######....   3%          5    None
 Dispel Undead            Necr           ######..     3%          5    None
 Lee's Rapid Deconstruct  Erth           ######....   3%          5    None
 Summon Forest            Summ/Tloc      ######....   3%          5    None
 Summon Mana Viper        Hex/Summ       ######..     3%          5    None
 Yara's Violent Unravell  Hex/Tmut       ######....   3%          5    None
 Bolt of Fire             Conj/Fire      ########..   1%          6    None
 Ring of Flames           Chrm/Fire      #######...   4%          7    ###....
 Deflect Missiles         Chrm/Air       ######....   11%         6    None
 Darkness                 Hex            ######....   16%         6    None
 Death Channel            Necr           ######....   16%         6    None
 Hydra Form               Tmut           ######....   16%         6    None
 Invisibility             Hex            ######..     16%         6    None
 Shadow Creatures         Summ           N/A          16%         6    None
 Dragon Form              Tmut           ######....   58%         7    ###....
 Summon Hydra             Summ           ######....   58%         7    ###....
 Discord                  Hex            ######....   99%         8    #####..
 Dragon's Call            Summ           ######....   100%        9    ######.
 Shatter                  Erth           ######....   100%        9    ######.
 Tornado                  Air            ######....   100%        9    ######.


Dungeon Overview and Level Annotations

Branches:
Dungeon (15/15)            Temple (1/1) D:5            Lair (6/6) D:11
 Shoals (4/4) Lair:3        Snake (4/4) Lair:3        Slime (0/5) Lair:6
    Orc (2/2) D:9             Elf (3/3) Orc:2        Vaults (0/5) D:13
 Depths (1/5) D:15          IceCv (visited)

Altars:
Ashenzari
Cheibriados
Dithmenos
Elyvilon
Fedhas
Gozag
Hepliaklqana
Kikubaaqudgha
Makhleb
Nemelex Xobeh
Okawaru
Qazlal
Ru
Sif Muna
Trog
Uskayaw
Vehumet
Wu Jian
Xom
Yredelemnul
Zin
The Shining One
Beogh

Shops:
D:5 ?   D:6 ?   D:14 }   Orc:2 *?([   Elf:2 [   Shoals:2 =   Shoals:4 !
Snake:2 =}}

Annotations:
D:13 3 runed translucent doors, Xeymp's ghost, journeyman SpEn
Shoals:4 Mara
Snake:3 3 runed translucent doors, Ceath's ghost, journeyman DDVM; Orae's ghost, adept SpEn; Raneedu's ghost, adept DrCj; Siddir's ghost, journeyman MiBe
Elf:2 3 runed translucent doors


Innate Abilities, Weirdness & Mutations

You cannot wear most types of armour.
You are very stealthy in the water. (Stealth+)
You are amphibious.
You can wear up to eight rings at the same time.
You can use your tentacles to constrict eight enemies at once.
Your skin changes colour to match your surroundings (Stealth+).
Your rubbery body absorbs attacks. (AC +1, EV +1)
You are partially covered in iridescent scales. (AC +2)
You are partially covered in large bone plates. (SH +4)
Scrolls take you a little longer to read.
You are resistant to electric shocks. (rElec)


Message History

The floor.
Unknown command.
Unknown command.
Okay, then.
Unknown command.
Unknown command.
Okay, then.
Unknown command.
Okay, then.
Unknown command.
Casting: Ignition (safe; 1% risk of failure)
Confirm with . or Enter, or press ? or * to list all spells.
Okay, then.
Unknown command.
Okay, then.
Unknown command.
Really read with blurry vision while enemies are nearby?
You begin reading the scroll.
You continue reading the scroll.
The hell knight hits you with a +2 war axe of distortion!!
You die...

.#......#....###.##...........#
.#......#....##[..##..........#
.#......#....#..#..#......#####
.#......#....#..#..#......#
.#....).#...<#..#..#......#
.##'#####....#..#..#..(...#
.............#..#..#......#####
.............##.p.##..........#
..............##@##...........#
###............###...######...#
..#..................#....#...#
..#..................#....#.###
..#.......########...#....#.#
###.......# #...##'###.#
........(.# #..........#
..........# #).#####...####
..........# #..#...#......#


You could see a hell knight.

Vanquished Creatures
  Vashnia (Snake:3)
  2 deep elf blademasters (Elf:3)
  2 krakens
  A deep elf master archer (Elf:3)
  An Executioner (Abyss:3)
  Polyphemus (Shoals:2)
  Kirke (D:12)
  Ilsuiw (Shoals:2)
  13 nagarajas
  Aizul (Snake:3)
  A frost giant (Shoals:4)
  8 deep elf sorcerers (Elf:3)
  5 deep elf elementalists (Elf:3)
  A caustic shrike zombie (Depths:1)
  Louise (Shoals:2)
  4 very ugly things (Depths:1)
  Nessos (D:15)
  4 deep elf annihilators (Elf:3)
  A deep elf demonologist (Elf:3)
  3 merfolk javelineers
  5 deep elf death magi
  Snorg (D:12)
  2 blizzard demons (IceCv)
  8 merfolk impalers
  A fire dragon (shapeshifter) (Elf:3)
  Erolcha (D:12)
  2 fire dragons
  4 deep elf high priests (Elf:3)
  Josephine (Lair:6)
  2 ice dragons
  2 rakshasas
  22 naga warriors
  4 vault guards (D:13)
  7 hydras
  7 anacondas
  3 catoblepae
  8 merfolk aquamancers
  An alligator snapping turtle (Shoals:4)
  An anaconda (shapeshifter) (Elf:3)
  8 merfolk avatars
  7 centaur warriors
  11 dancing weapons
  A two-headed ogre (D:14)
  14 death yaks
  A satyr (Shoals:4)
  26 naga sharpshooters
  An orc high priest (Orc:1)
  2 deep troll earth magi (Depths:1)
  13 shock serpents
  Sonja (Lair:6)
  2 deep elf knights (Elf:2)
  4 salamander mystics
  11 sea snakes
  2 unseen horrors (D:14)
  A death drake (Abyss:3)
  3 deep trolls (Depths:1)
  A wizard (D:14)
  A glowing orange brain (Abyss:3)
  7 deep elf archers
  11 harpies
  10 naga ritualists
  2 starcursed masses (Abyss:3)
  Pikel (D:4)
  5 necromancers
  11 ugly things
  32 deep elf magi
  8 mana vipers
  9 orc sorcerers
  12 cyclopes
  9 fauns
  10 merfolk sirens
  12 manticores
  10 elephants (Lair:6)
  8 salamanders
  30 black mambas
  9 guardian serpents
  A smoke demon (Abyss:3)
  4 ice statues
  Maurice (D:9)
  19 naga magi
  6 orange demons (D:15)
  A torpor snail (Lair:6)
  8 water nymphs
  3 gargoyles
  12 spiny frogs
  4 rime drakes
  11 komodo dragons
  6 yaktaurs
  2 anaconda simulacra (IceCv)
  A tengu conjurer (D:13)
  6 ice devils (IceCv)
  An efreet (D:15)
  A queen bee (Lair:5)
  2 red devils (D:15)
  44 merfolk
  5 trolls
  A jumping spider (shapeshifter) (D:13)
  3 meliai (Lair:5)
  10 polar bears
  3 hornets
  4 wind drakes
  4 raiju
  8 blink frogs
  11 snapping turtles
  13 dream sheep
  13 slime creatures
  A shadow (D:15)
  A frost giant simulacrum (Depths:1)
  19 hippogriffs
  A tarantella (shapeshifter) (D:13)
  16 water elementals
  A dire elephant simulacrum (IceCv)
  Sigmund (D:5)
  A vampire (D:13)
  3 fire elementals
  6 wraiths
  42 yaks
  3 basilisks
  4 wyverns
  2 chaos spawn (Abyss:3)
  A hungry ghost (D:11)
  3 hogs (D:12)
  8 vampire mosquitoes
  Edmund (D:4)
  A neqoxec (Abyss:3)
  13 wargs
  68 nagas
  3 harpy simulacra (IceCv)
  A human zombie (Depths:1)
  2 iron troll simulacra (IceCv)
  2 hydra simulacra (IceCv)
  18 hell hounds
  9 water moccasins
  9 porcupines
  An ice beast (shapeshifter) (D:11)
  5 sky beasts
  Duvessa (D:6)
  6 ice beasts
  4 phantoms
  A hornet zombie (D:11)
  17 black bears
  2 eyes of draining
  26 orc warriors
  7 ogres
  2 necrophages (D:9)
  24 wolves
  29 centaurs
  2 small abominations (Abyss:3)
  12 large abominations
  16 crocodiles
  2 elf zombies (Elf:1)
  Blork the orc (D:6)
  22 bullfrogs
  3 big kobolds
  A gnoll sergeant (D:6)
  A water moccasin zombie (D:7)
  2 earth elementals (Elf:3)
  Dowan (D:6)
  3 scorpions
  22 killer bees (Lair:5)
  10 howler monkeys
  3 electric eels
  7 crimson imps
  6 centaur zombies
  7 hounds
  2 bullfrog zombies (D:7)
  4 jellies
  5 centaur skeletons
  24 orc priests
  43 orc wizards
  4 iguanas
  6 hell rats (Lair:2)
  10 worker ants
  A hound zombie (D:8)
  8 adders
  8 gnolls
  12 river rats (Lair:2)
  3 shadow imps
  2 ufetubi (Abyss:3)
  An ooze (D:3)
  An adder skeleton (D:7)
  8 leopard geckos
  123 orcs
  8 bats
  2 giant cockroaches
  8 hobgoblins
  2 jackals (D:4)
  22 kobolds
  12 quokkas
  A ball python (D:6)
  5 frilled lizards
  7 goblins
  A jackal zombie (D:8)
  15 rats
  3 crawling corpses (Elf:3)
  2 fungi (Lair:6)
  9 plants
  3 tentacles
1500 creatures vanquished.

Vanquished Creatures (others)
  A centaur warrior (D:13)
  2 two-headed ogres
  Nergalle (D:12)
  A hungry ghost (D:13)
  A sky beast (D:13)
  4 slaves (D:4)
  A centaur (D:13)
  3 killer bees
  An orc wizard (Orc:2)
  A worker ant (D:4)
  An adder (D:4)
  2 orcs
  18 fungi
  41 plants
  23 tentacles
  2 withered plants (Snake:3)
103 creatures vanquished.

Grand Total: 1603 creatures vanquished

Notes
Turn   | Place    | Note
-------+----------+-------------------------------------------
     0 | D:1      | TheDoctor the Octopode Fire Elementalist began the quest
                  | for the Orb.
     0 | D:1      | Reached XP level 1. HP: 11/11 MP: 3/3
   160 | D:1      | Reached XP level 2. HP: 17/17 MP: 3/5
   793 | D:2      | Reached XP level 3. HP: 19/21 MP: 1/6
   806 | D:2      | Reached skill level 2 in Conjurations
  1505 | D:2      | Reached XP level 4. HP: 22/27 MP: 3/7
  1923 | D:3      | Found a stormy altar of Qazlal.
  2016 | D:4      | Reached skill level 3 in Conjurations
  2016 | D:4      | Reached XP level 5. HP: 12/31 MP: 1/9
  2192 | D:4      | Noticed Edmund
  2226 | D:4      | Noticed a slave
  2226 | D:4      | Noticed a slave
  2254 | D:4      | Gained mutation: You are resistant to electric shocks.
                  | (rElec) [potion of mutation]
  2254 | D:4      | Gained mutation: You are partially covered in iridescent
                  | scales. (AC +2) [potion of mutation]
  2254 | D:4      | Gained mutation: Scrolls take you a little longer to read.
                  | [potion of mutation]
  2254 | D:4      | Gained mutation: You are partially covered in large bone
                  | plates. (SH +4) [potion of mutation]
  2261 | D:4      | Learned a level 4 spell: Sticky Flame
  2264 | D:4      | Learned a level 2 spell: Throw Flame
  2494 | D:4      | Noticed Pikel
  2494 | D:4      | Noticed a slave
  2497 | D:4      | Noticed a slave
  2510 | D:4      | Killed Pikel
  2510 | D:4      | Reached skill level 4 in Conjurations
  2510 | D:4      | Reached skill level 5 in Fire Magic
  2510 | D:4      | Reached XP level 6. HP: 36/36 MP: 2/11
  2510 | D:4      | Reached XP level 7. HP: 41/41 MP: 2/12
  2715 | D:4      | Killed Edmund
  2715 | D:4      | Reached skill level 5 in Conjurations
  3099 | D:4      | Learned a level 3 spell: Conjure Flame
  3107 | D:4      | Reached XP level 8. HP: 46/46 MP: 4/14
  3209 | D:4      | Reached skill level 6 in Conjurations
  3675 | D:5      | Entered Level 5 of the Dungeon
  3702 | D:5      | Reached skill level 5 in Spellcasting
  3716 | D:4      | Learned a level 3 spell: Mephitic Cloud
  3780 | D:5      | Reached skill level 1 in Fighting
  3783 | D:5      | Found a shadowy altar of Dithmenos.
  3901 | D:5      | Found Exidgh's Magic Scroll Shoppe.
  3916 | D:5      | Bought a scroll of identify for 30 gold pieces
  3916 | D:5      | Bought a scroll of teleportation for 45 gold pieces
  3916 | D:5      | Bought a scroll of identify for 30 gold pieces
  4438 | D:5      | Noticed Sigmund
  4576 | D:5      | Killed Sigmund
  4576 | D:5      | Reached skill level 5 in Fighting
  4637 | D:5      | Reached XP level 9. HP: 61/61 MP: 14/16
  4676 | D:5      | Found a staircase to the Ecumenical Temple.
  4708 | Temple   | Entered the Ecumenical Temple
  4811 | Temple   | Became a worshipper of Vehumet
  5512 | D:6      | Noticed Blork the orc
  5530 | D:6      | Killed Blork the orc
  5795 | D:6      | Reached skill level 5 in Dodging
  6184 | D:6      | Reached skill level 5 in Stealth
  6339 | D:6      | Reached * piety under Vehumet
  6339 | D:6      | Offered knowledge of Sting by Vehumet.
  6398 | D:6      | Found Ebal's Magic Scroll Emporium.
  6402 | D:6      | Bought a scroll of blinking for 90 gold pieces
  6423 | D:6      | Reached skill level 1 in Poison Magic
  6667 | D:6      | Noticed Duvessa
  6685 | D:6      | Killed Duvessa
  6756 | D:6      | Noticed Dowan
  6768 | D:6      | Killed Dowan
  7004 | D:7      | Found a sacrificial altar of Ru.
  7065 | D:7      | Reached skill level 7 in Conjurations
  7367 | D:7      | Reached XP level 10. HP: 63/67 MP: 10/17
  7512 | D:7      | Reached skill level 8 in Conjurations
  7662 | D:7      | Learned a level 5 spell: Fireball
  8581 | D:8      | Offered knowledge of Shock by Vehumet.
  8583 | D:8      | Reached ** piety under Vehumet
  8649 | D:8      | Identified the +1 robe of Boiling Hail {rN++}
  8656 | D:8      | Reached skill level 9 in Conjurations
  8992 | D:8      | Found a snail-covered altar of Cheibriados.
  9601 | D:9      | Offered knowledge of Dazzling Spray by Vehumet.
  9719 | D:9      | Found a staircase to the Orcish Mines.
  9745 | D:9      | Noticed Maurice
  9757 | D:9      | Killed Maurice
  9775 | D:9      | Reached skill level 10 in Conjurations
 10453 | D:10     | Entered Level 10 of the Dungeon
 10553 | D:10     | Reached *** piety under Vehumet
 11472 | D:10     | Noticed a gargoyle
 11501 | D:10     | Killed a gargoyle
 11501 | D:10     | Offered knowledge of Olgreb's Toxic Radiance by Vehumet.
 11603 | D:10     | Learned a level 4 spell: Olgreb's Toxic Radiance
 11795 | D:10     | Reached XP level 11. HP: 72/72 MP: 9/21
 12153 | D:11     | Noticed a manticore
 12171 | D:10     | Reached skill level 5 in Poison Magic
 12411 | D:11     | Killed a manticore
 12932 | D:11     | Reached **** piety under Vehumet
 12957 | D:11     | Offered knowledge of Bolt of Magma by Vehumet.
 13445 | D:11     | Found a staircase to the Lair.
 13716 | Lair:1   | Entered Level 1 of the Lair of Beasts
 16006 | Lair:2   | Reached XP level 12. HP: 73/82 MP: 18/25
 16443 | Lair:2   | Reached skill level 10 in Spellcasting
 16748 | Lair:3   | Found a staircase to the Snake Pit.
 17029 | Lair:3   | Found a staircase to the Shoals.
 17712 | Lair:3   | Reached skill level 10 in Fighting
 17832 | Lair:3   | Reached ***** piety under Vehumet
 18051 | Lair:4   | Noticed a six-headed hydra
 18118 | Lair:4   | Offered knowledge of Conjure Ball Lightning by Vehumet.
 18215 | Lair:4   | Killed a six-headed hydra
 18387 | Lair:4   | Reached skill level 1 in Shields
 19269 | Lair:5   | Noticed a death yak
 19299 | Lair:5   | Noticed a six-headed hydra
 19388 | Lair:5   | Reached XP level 13. HP: 77/92 MP: 1/27
 20719 | Lair:5   | Reached skill level 10 in Dodging
 20755 | Lair:5   | Found an iron altar of Okawaru.
 21220 | Lair:5   | Reached skill level 11 in Conjurations
 22307 | Lair:6   | Entered Level 6 of the Lair of Beasts
 22311 | Lair:6   | Reached skill level 12 in Conjurations
 23310 | Lair:6   | Reached skill level 13 in Conjurations
 23579 | Lair:6   | Reached XP level 14. HP: 99/99 MP: 9/28
 23869 | Lair:6   | Noticed Josephine
 24095 | Lair:6   | Killed Josephine
 24270 | Lair:6   | Reached skill level 14 in Conjurations
 24616 | Lair:6   | Offered knowledge of Freezing Cloud by Vehumet.
 24766 | Lair:6   | Learned a level 6 spell: Freezing Cloud
 24843 | Lair:6   | Found a staircase to the Slime Pits.
 24891 | Lair:6   | Reached skill level 1 in Ice Magic
 26174 | Lair:6   | Reached skill level 5 in Ice Magic
 27344 | Lair:6   | Noticed Sonja
 27347 | Lair:6   | Killed Sonja
 27681 | Lair:6   | Offered knowledge of Iskenderun's Battlesphere by Vehumet.
 27918 | Lair:6   | Reached XP level 15. HP: 84/103 MP: 7/31
 28210 | D:12     | Noticed Erolcha
 28216 | D:12     | Killed Erolcha
 28526 | D:12     | Killed Nergalle
 29060 | D:12     | Found a flickering gateway to a bazaar.
 29069 | Bazaar   | Entered a bazaar
 29082 | Bazaar   | Found Qiwn's Antique Weapon Shoppe.
 29082 | Bazaar   | Found Hyofer's Book Shoppe.
 29118 | Bazaar   | Found Tez Yrre's Food Emporium.
 29118 | Bazaar   | Found Hefoaso's Jewellery Emporium.
 29136 | Bazaar   | Bought an uncursed ring of poison resistance for 160 gold
                  | pieces
 29159 | D:12     | Learned a level 1 spell: Apportation
 29549 | D:12     | Noticed Snorg
 29561 | D:12     | Killed Snorg
 29868 | D:12     | Noticed Kirke
 29880 | D:12     | Killed Kirke
 29955 | D:13     | Found a shimmering altar of Xom.
 30327 | D:13     | Offered knowledge of Lightning Bolt by Vehumet.
 30753 | D:13     | Found a runed translucent gate.
 30753 | D:13     | Found a runed translucent gate.
 30753 | D:13     | Found a runed translucent gate.
 30753 | D:13     | Noticed Xeymp's ghost (journeyman SpEn)
 30958 | D:13     | Found a gate to the Vaults.
 31784 | D:14     | Identified 3 scrolls of acquirement
 32499 | D:14     | Found Ampek's Gadget Shoppe.
 32988 | D:15     | Entered Level 15 of the Dungeon
 32988 | D:15     | Noticed Nessos
 32996 | D:15     | Killed Nessos
 33773 | D:14     | Offered knowledge of Bolt of Cold by Vehumet.
 33773 | D:14     | Reached skill level 15 in Conjurations
 33926 | D:14     | Learned a level 6 spell: Bolt of Cold
 34249 | D:15     | Reached XP level 16. HP: 106/109 MP: 34/34
 35577 | D:15     | Reached skill level 16 in Conjurations
 35725 | D:15     | Got a sparkling copper ring
 35728 | D:15     | Identified the cursed ring of Jutyjouw {rC+ EV-3} (You
                  | found it on level 15 of the Dungeon)
 36514 | D:15     | Found a staircase to the Depths.
 36783 | Snake:1  | Entered Level 1 of the Snake Pit
 38940 | Snake:1  | Reached skill level 10 in Fire Magic
 39237 | Snake:2  | Noticed a nagaraja
 39253 | Snake:2  | Killed a nagaraja
 39311 | Snake:2  | Noticed a nagaraja
 39332 | Snake:2  | Killed a nagaraja
 40068 | Snake:2  | Found Nocastron's Gadget Shoppe.
 40069 | Snake:2  | Found Rapas's Jewellery Boutique.
 40070 | Snake:2  | Found Gaxaatie's Gadget Shoppe.
 40173 | Snake:2  | Learned a level 8 spell: Ignition
 40501 | Snake:2  | Noticed a nagaraja
 40505 | Snake:2  | Reached XP level 17. HP: 117/117 MP: 17/35
 41513 | Snake:3  | Noticed Vashnia
 45224 | Snake:3  | Found a runed translucent gate.
 45225 | Snake:3  | Found a runed translucent gate.
 45226 | Snake:3  | Found a runed translucent gate.
 45227 | Snake:3  | Noticed Raneedu's ghost (adept DrCj)
 45228 | Snake:3  | Noticed Orae's ghost (adept SpEn)
 45233 | Snake:3  | Noticed Ceath's ghost (journeyman DDVM)
 45233 | Snake:3  | Noticed Siddir's ghost (journeyman MiBe)
 45821 | Snake:3  | Noticed Aizul
 45836 | Snake:3  | Killed Aizul
 46135 | Snake:3  | Killed Vashnia
 46929 | Snake:4  | Entered Level 4 of the Snake Pit
 48798 | Snake:4  | Reached ****** piety under Vehumet
 48897 | Snake:4  | Offered knowledge of Poison Arrow by Vehumet.
 49761 | Snake:4  | Reached XP level 18. HP: 124/124 MP: 4/36
 50133 | Snake:4  | Reached skill level 15 in Fire Magic
 52893 | Snake:4  | Offered knowledge of Ozocubu's Refrigeration by Vehumet.
 53955 | Snake:4  | Got a serpentine rune of Zot
 54686 | Shoals:1 | Entered Level 1 of the Shoals
 56317 | Shoals:2 | Noticed Polyphemus
 56337 | Shoals:2 | Killed Polyphemus
 56337 | Shoals:2 | Reached skill level 15 in Fighting
 56383 | Shoals:2 | Noticed Ilsuiw
 56692 | Shoals:2 | Killed Ilsuiw
 56728 | Shoals:2 | Reached XP level 19. HP: 49/139 MP: 4/37
 56795 | Shoals:2 | Noticed Louise
 57025 | Shoals:2 | Killed Louise
 57987 | Shoals:2 | Found Ununog's Jewellery Emporium.
 58086 | Shoals:2 | Bought the ring of Dishonesty {rN+ Int+3 Slay+2} for 750
                  | gold pieces
 58086 | Shoals:2 | Bought an uncursed amulet of magic regeneration for 540
                  | gold pieces
 59356 | Shoals:4 | Entered Level 4 of the Shoals
 59356 | Shoals:4 | Found Zimir's Distillery.
 59991 | Shoals:4 | Noticed Mara
 60141 | Shoals:4 | Identified the +7 morningstar of Resumed Hostilities
                  | {drain, *Contam +Inv Int+5}
 60631 | Shoals:4 | Offered knowledge of Lehudib's Crystal Spear by Vehumet.
 60631 | Shoals:4 | Offered knowledge of Fire Storm by Vehumet.
 60631 | Shoals:4 | Offered knowledge of Glaciate by Vehumet.
 62242 | Shoals:4 | Got a barnacled rune of Zot
 62603 | Orc:1    | Entered Level 1 of the Orcish Mines
 63029 | Orc:2    | Entered Level 2 of the Orcish Mines
 63280 | Orc:2    | Reached XP level 20. HP: 144/145 MP: 31/38
 63465 | Orc:2    | Found a staircase to the Elven Halls.
 63528 | Orc:2    | Found Luankef's Magic Scroll Emporium.
 63528 | Orc:2    | Found Hawilexo's Assorted Antiques.
 63563 | Orc:2    | Found a roughly hewn altar of Beogh.
 63879 | Orc:2    | Found Rastrom's Antique Armour Emporium.
 63879 | Orc:2    | Found Ceyrhum's Antique Weapon Boutique.
 64185 | Elf:1    | Entered Level 1 of the Elven Halls
 64370 | Elf:1    | Found a frozen archway.
 64407 | IceCv    | Entered an ice cave
 64929 | IceCv    | Got a transparent spear
 64939 | IceCv    | Identified the +2 spear of Sehui {pierce, Str+2 Int+3 SInv}
                  | (You found it in an ice cave)
 65083 | Elf:1    | Reached skill level 15 in Spellcasting
 65311 | Elf:1    | Learned a level 9 spell: Glaciate
 65377 | Elf:1    | Identified the Incunabulum of Paper
 66078 | Elf:2    | Reached skill level 10 in Ice Magic
 66286 | Lair:2   | Learned a level 3 spell: Stone Arrow
 66805 | Elf:2    | Found a runed translucent gate.
 66805 | Elf:2    | Found a runed translucent gate.
 66805 | Elf:2    | Found a runed translucent gate.
 66860 | Elf:2    | Found Ixtesaol's Antique Armour Shop.
 67092 | Elf:3    | Entered Level 3 of the Elven Halls
 69057 | Elf:3    | Identified the +1 troll leather armour "Tafyj" {Regen+
                  | Str+3 Int+2}
 69057 | Elf:3    | Identified the ring "Zatorphae" {rPois MR+}
 69196 | Elf:3    | Cast into level 3 of the Abyss (a deep elf sorcerer)
 69379 | Abyss:3  | HP: 2/145 [large abomination (33)]
 69646 | Abyss:3  | Found a corrupted altar of Lugonu.
 70003 | Elf:3    | Escaped the Abyss
 70003 | Elf:3    | Identified the +2 robe of Good Intentions {+Blink Str-5
                  | Dex+3}
 70008 | Elf:3    | Reached XP level 21. HP: 112/151 MP: 22/40
 70271 | Elf:3    | Identified the +7 hand axe of Prudence {chop, Dex+4}
 70511 | Elf:3    | Found the +2 pair of boots of the Assassin {Detection Stab+
                  | Stlth++}
 70580 | Elf:3    | Got a fine pewter ring
 70583 | Elf:3    | Got a faintly glowing tin amulet
 70589 | Elf:3    | Identified the ring of Peuzevodi {rC+ SInv} (You found it
                  | on level 3 of the Elven Halls)
 70591 | Elf:3    | Identified the amulet of Pelafron {*Slow +Rage Slay+5} (You
                  | found it on level 3 of the Elven Halls)
 71105 | Depths:1 | Entered Level 1 of the Depths
 71111 | Depths:1 | Reached skill level 1 in Air Magic
 71121 | D:15     | Mangled by a hell knight

Levels and vault maps discovered:
D:1:      mrwooster_arrival_statue, layout_rooms
D:2:      layout_loops_ring, minmay_parallelograms, minmay_heptomino_o4
D:3:      layout_basic, minmay_door_square, nicolae_qazlal_eye_of_the_storm
D:4:      layout_basic, first_ration, uniq_pikel, uniq_edmund
D:5:      layout_basic, minmay_temple_entry_butterflies, serial_shops, shop,
          grunt_dithmenos_smoke, uniq_sigmund
D:6:      layout_loops_corners, serial_shops, kennysheep_mini, uniq_duvessa,
          uniq_blork_the_orc
D:7:      layout_cave_pods, nicolae_ru_sacrificial_ziggurat
D:8:      layout_loops_ring, marbit_many_paths
D:9:      layout_cave_pools, hiddenorc1_lemuel, uniq_maurice
D:10:     layout_stronghold
D:11:     layout_cave_pools, erik_lair_orcish_takeover, enter_bailey_7
D:12:     layout_basic, serial_shops, bzr_firewalk, uniq_snorg, uniq_erolcha,
          uniq_nergalle, uniq_kirke
D:13:     layout_roguey, lightli_vaults_fourway_checkpoint,
          gammafunk_ghost_necromancy, serial_rivers,
          chequers_serial_rivers_small_b, chequers_serial_rivers_marsh,
          chequers_serial_rivers_micro_b, chequers_serial_rivers_micro_d,
          chequers_serial_rivers_micro_e, chequers_serial_rivers_micro_b,
          grunt_tengu_nest, xom_confusion_cloud
D:14:     layout_loops_ring, chequers_serial_rivers_marsh, serial_shops, shop
D:15:     grunt_enter_depths_hoard, layout_irregular_city,
          minmay_beelzebubs_servants, uniq_nessos
Temple:   kilobyte_greek_temple
Lair:1:   layout_chaotic_city
Lair:2:   lemuel_ratsnest, layout_regular_city, chequers_serial_rivers_small_3,
          chequers_serial_rivers_room_b, guppyfry_lair_drakes,
          serial_bayou_shore_a, lemuel_fruit_tree, infiniplex_staircase_pool_2
Lair:3:   layout_chaotic_city, minmay_shoals_entry_lonely_mermaid,
          dummy_snake_entry, gammafunk_lair_bear_cave
Lair:4:   layout_regular_city, grunt_megastairs_4
Lair:5:   layout_roguey [special_room_bee], lemuel_centaur_altar,
          grunt_megastairs_3
Lair:6:   hangedman_lair_in_review, layout_small_grid,
          hangedman_lair_caniforms_friends, minmay_slime_entry_pillars,
          patterned_corridor, uniq_sonja, uniq_josephine
Shoals:1: layout_shoals
Shoals:2: layout_shoals, serial_shops, shop, uniq_louise, uniq_ilsuiw,
          uniq_polyphemus
Shoals:3: layout_shoals, nicolae_shoals_flooded_hall
Shoals:4: shoals_end_grunt_ice, layout_shoals, shoals_ilsuiw_ice, serial_shops,
          shop, uniq_mara
Snake:1:  layout_honeycomb
Snake:2:  layout_cave_town, minmay_shop_grove
Snake:3:  layout_grid_maze, gammafunk_ghost_cemetery, uniq_vashnia, uniq_aizul
Snake:4:  grunt_snake_rune_spirals, layout_concentric_octagons
Orc:1:    layout_caves
Orc:2:    st_orc_town, layout_caves
Elf:1:    eino_elf_arrival_sip, layout_gridlike,
          portal_ice_cave_entry_ice_statue_two, minmay_elf_necromancy
Elf:2:    layout_geoelf_octagon, serial_shops, nicolae_shop_overgrown_old_shop,
          minivault_24, grunt_ministairs_3, minmay_misc_feat_five
Elf:3:    minmay_elf_hall_dome, layout_gridlike
Depths:1: layout_basic, hellmouth_1, hangedman_abyss_or_decor_jellyfish_corner,
          abyss_entry, hex_large, evilmike_butchery

Skill      XL: |  1  2  3  4  5  6  7  8  9 10 11 12 13 14 15 16 17 18 19 20 21 |
---------------+----------------------------------------------------------------+-----
Conjurations   | 2 3 4 5 6 7 10 13 14 15 16 | 16.1
Fire Magic     | 4 5 6 10 14 15 | 15.0
Spellcasting   | 3 4 5 7 9 10 12 14 15 | 15.5
Fighting       | 5 8 10 11 15 | 15.0
Dodging        | 5 7 10 13 | 13.7
Stealth        | 5 |  5.1
Poison Magic   | 3 6 |  6.1
Shields        | 4 |  4.1
Ice Magic      | 6 9 13 14 | 14.0
Air Magic      | 2 |  2.5

Action                   |  1- 3 |  4- 6 |  7- 9 | 10-12 | 13-15 | 16-18 | 19-21 || total
-------------------------+-------+-------+-------+-------+-------+-------+-------++-------
Melee: Unarmed           |    35 |       |       |       |       |       |       ||    35
       Constrict         |     9 |     3 |    16 |    22 |    37 |     6 |    43 ||   136
       Tentacles         |     6 |     1 |    16 |    24 |    58 |    31 |    37 ||   173
       Dagger            |       |     3 |       |       |       |       |       ||     3
       Short sword       |       |     3 |       |       |       |       |       ||     3
       Whip              |       |       |    75 |   163 |   189 |       |       ||   427
       Staff             |       |       |       |       |    83 |    96 |   138 ||   317
       Demon trident     |       |       |       |       |       |    12 |       ||    12
 Cast: Flame Tongue      |    46 |    24 |    68 |       |       |     9 |       ||   147
       Sticky Flame      |       |     2 |    20 |    70 |   148 |    82 |    47 ||   369
       Throw Flame       |       |       |    99 |   498 |   403 |    74 |    38 ||  1112
       Conjure Flame     |       |       |     1 |       |     3 |       |       ||     4
       Mephitic Cloud    |       |       |     1 |     2 |     3 |     7 |     8 ||    21
       Olgreb's Toxic Ra |       |       |       |    18 |    90 |    10 |    12 ||   130
       Fireball          |       |       |       |    18 |    57 |   145 |   436 ||   656
       Freezing Cloud    |       |       |       |       |    51 |    73 |     2 ||   126
       Bolt of Cold      |       |       |       |       |     2 |   363 |    74 ||   439
       Apportation       |       |       |       |       |     2 |       |     3 ||     5
       Ignition          |       |       |       |       |       |    10 |    22 ||    32
       Stone Arrow       |       |       |       |       |       |       |   103 ||   103
Evoke: Wand              |       |       |       |     1 |     5 |    10 |     9 ||    25
  Use: Scroll            |       |     6 |     4 |     5 |     8 |     7 |    14 ||    44
       Potion            |       |     3 |       |     2 |     3 |     4 |    12 ||    24
 Stab: Sleeping          |     1 |       |     1 |     2 |       |       |       ||     4
       Distracted        |       |       |       |       |       |       |     1 ||     1
  Eat: Chunk             |     2 |     3 |    16 |    37 |    48 |    19 |    34 ||   159
       Ration            |       |       |     1 |     3 |     7 |    17 |     4 ||    32
Armor: Skin              |     3 |     3 |    11 |    54 |    64 |    37 |    50 ||   222
Dodge: Dodged            |    23 |    18 |    79 |   154 |   439 |   286 |   237 ||  1236
Block: Other             |       |     1 |    10 |    31 |       |       |       ||    42
       Buckler           |       |       |       |    17 |   311 |   207 |   173 ||   708
